[Event "TUR-chT Superleague 2018"]
[Site "Ankara"]
[Date "2018.08.02"]
[Round "9"]
[White "Cansun, Can Alp"]
[Black "Unat, Can Haktan"]
[Result "1-0"]
[ECO "B70"]
[WhiteElo "1990"]
[BlackElo "2159"]
[Annotator "NA"]
[PlyCount "87"]
[EventDate "2018.07.25"]
[EventType "team-tourn"]
[EventCountry "TUR"]
[SourceTitle "playchess.com"]
[Source "ChessBase"]
[SourceQuality "1"]
[TimeControl "40/5400+30:1800+30"]

1. e4 c5 2. Nf3 g6 3. d4 cxd4 4. Nxd4 Nc6 5. Nc3 Bg7 6. Nde2 Nf6 7. h3 d6 8. g3 Bd7 9. Bg2 Rc8 10. O-O O-O 11. Kh2 Na5 12. f4 b5 13. a3 Ne8 14. Qd3 Nc7 15. f5 Nc4 $11 16. Rb1 a5 17. Nd4 Ne5 18. Qd1 b4 19. axb4 axb4 20. Nd5 Nb5 21. Bg5 f6 22. Be3 Nxd4 23. Bxd4 Rb8 24. Ra1 e6 25. Nf4 exf5 26. exf5 Bxf5 27. Bd5+ Kh8 28. g4 Bd7 29. Ra7 f5 30. g5 Re8 31. Qd2 Re7 32. Rfa1 Qf8 33. Qf2 Bc8 34. Qh4 Bb7 35. Rxb7 Rbxb7 36. Kh1 Qe8 37. Bxe5 Ra7 38. Rxa7 Rxa7 39. Bxg7+ Rxg7 40. Ne6 Rf7 41. Qd4+ Kg8 42. Nf4 Qe1+ 43. Kg2 Qc1 44. Qc4 1-0

[Event "TUR-chT Superleague 2018"]
[Site "Ankara"]
[Date "2018.08.02"]
[Round "9"]
[White "Gok, Fatih"]
[Black "Secer, Ata"]
[Result "0-1"]
[ECO "B40"]
[WhiteElo "1952"]
[BlackElo "2320"]
[Annotator "NA"]
[PlyCount "72"]
[EventDate "2018.07.25"]
[EventType "team-tourn"]
[EventCountry "TUR"]
[SourceTitle "playchess.com"]
[Source "ChessBase"]
[SourceQuality "1"]
[TimeControl "40/5400+30:1800+30"]

1. e4 c5 2. Nf3 e6 3. b3 b6 4. Bb2 Bb7 5. Qe2 Nc6 {[%emt 0:02:00] B40: Sicilian: 2...e6, Unusual lines} 6. g3 Nf6 {[%emt 0:07:30] LiveBook: 7 Games} 7. Bg2 d6 8. d4 cxd4 9. Nxd4 Nxd4 10. Bxd4 Be7 11. O-O O-O 12. Nd2 $146 ({Predecessor:} 12. c4 Nd7 13. Nc3 {½-½ (48) Vavulin,M (2448)-Grachev,B (2652) Moscow 2016}) 12... Qc7 13. c4 Bc6 14. Rfe1 Qb7 15. f4 Rfe8 16. Bf2 a6 17. g4 Nd7 18. g5 e5 19. fxe5 $17 dxe5 20. Qh5 Bb4 21. Rad1 Rad8 22. Re3 Nf8 23. Nf1 Rxd1 24. Qxd1 Ne6 25. Rg3 Nf4 26. Bf3 Bxe4 27. Ne3 Bxf3 28. Qxf3 Qxf3 29. Rxf3 Rd8 30. Nd5 Nxd5 31. cxd5 Rxd5 32. Bxb6 e4 33. Rg3 Rd1+ 34. Kf2 Ra1 35. Ke3 Rxa2 36. Kxe4 Rxh2 0-1

[Event "TUR-chT Superleague 2018"]
[Site "Ankara"]
[Date "2018.08.02"]
[Round "9"]
[White "Can, Isil"]
[Black "Ozbay, Ece"]
[Result "1/2-1/2"]
[ECO "B48"]
[WhiteElo "1862"]
[BlackElo "2140"]
[Annotator "NA"]
[PlyCount "111"]
[EventDate "2018.07.25"]
[EventType "team-tourn"]
[EventCountry "TUR"]
[SourceTitle "playchess.com"]
[Source "ChessBase"]
[SourceQuality "1"]
[TimeControl "40/5400+30:1800+30"]

1. e4 c5 2. Nf3 e6 3. d4 cxd4 4. Nxd4 Nc6 5. Nc3 Qc7 6. Be3 a6 7. Qf3 Bd6 8. O-O-O Be5 $1 {[%emt 0:00:00] LiveBook: 119 Games} 9. Nxc6 bxc6 10. Bd4 Nf6 11. Bxe5 Qxe5 12. Bc4 O-O 13. h4 d5 14. Bd3 Bb7 $11 15. Rhe1 d4 16. Nb1 Nd7 17. Nd2 Qa5 18. a3 Ne5 19. Qe2 Nxd3+ 20. Qxd3 c5 21. Nc4 Qb5 22. Nd6 Qc6 23. Nxb7 Qxb7 24. Qc4 Rfb8 25. b3 Qb5 26. Qxb5 axb5 27. Kb2 e5 28. f4 f6 29. fxe5 fxe5 30. Rf1 c4 31. b4 Rf8 32. g4 g6 33. h5 g5 34. h6 Rf4 35. Rxf4 gxf4 36. Rh1 f3 37. Rf1 Rf8 38. a4 bxa4 39. Ka3 Rf4 40. Kxa4 d3 41. cxd3 cxd3 42. Kb3 Rxe4 43. Rxf3 Rd4 44. Rf1 d2 45. Kc2 e4 46. Kd1 e3 47. Ke2 Rc4 48. b5 Rc2 49. Rd1 Rc3 50. b6 Kf7 51. b7 Rb3 52. b8=Q Rxb8 53. Kxe3 Rb4 54. Rxd2 Rxg4 55. Rh2 Kg6 56. Kf3 1/2-1/2

[Event "TUR-chT Superleague 2018"]
[Site "Ankara"]
[Date "2018.08.02"]
[Round "9"]
[White "Ozbek, Busra"]
[Black "Keskin, Elif"]
[Result "1/2-1/2"]
[ECO "D03"]
[WhiteElo "1848"]
[BlackElo "1775"]
[Annotator "NA"]
[PlyCount "80"]
[EventDate "2018.07.25"]
[EventType "team-tourn"]
[EventCountry "TUR"]
[SourceTitle "playchess.com"]
[Source "ChessBase"]
[SourceQuality "1"]
[TimeControl "40/5400+30:1800+30"]

1. d4 Nf6 2. Nf3 g6 3. Bg5 Bg7 4. Nbd2 d5 5. c3 O-O 6. e3 c5 7. Be2 Nbd7 8. O-O b6 9. b4 a5 10. a3 Ba6 11. Bxa6 Rxa6 12. Qe2 Ra8 13. bxc5 $11 bxc5 14. Rab1 Qc7 15. Bf4 Qc6 16. Qb5 Qxb5 17. Rxb5 Rfc8 18. a4 Nh5 19. Rb7 Nxf4 20. exf4 Nf8 21. Re1 cxd4 22. cxd4 e6 23. g3 Rab8 24. Reb1 Rxb7 25. Rxb7 Rc1+ 26. Kg2 Ra1 27. Nb3 Rxa4 28. Ra7 h5 29. Rxa5 Rxa5 30. Nxa5 Nd7 31. Nc6 Nb6 32. Ng5 Nc4 33. Kf3 Kf8 34. Ke2 Ke8 35. h4 Kf8 36. Kd3 Ke8 37. Kc3 Kd7 38. Ne5+ Nxe5 39. fxe5 Ke8 40. Kb4 Bf8+ 1/2-1/2

[Event "TUR-chT Superleague 2018"]
[Site "Ankara"]
[Date "2018.08.02"]
[Round "9"]
[White "Sahin, Hayrun Nisa"]
[Black "Ayan, Bengu Sena"]
[Result "1-0"]
[ECO "C06"]
[WhiteElo "1752"]
[BlackElo "1894"]
[Annotator "NA"]
[PlyCount "71"]
[EventDate "2018.07.25"]
[EventType "team-tourn"]
[EventCountry "TUR"]
[SourceTitle "playchess.com"]
[Source "ChessBase"]
[SourceQuality "1"]
[TimeControl "40/5400+30:1800+30"]

1. e4 e6 2. d4 d5 3. Nd2 Nf6 4. e5 Nfd7 5. Ngf3 c5 6. c3 Nc6 7. Bd3 g6 8. O-O Bg7 9. Re1 O-O 10. a3 Qb6 11. dxc5 Nxc5 12. Nf1 Nd7 13. Bf4 Qxb2 14. Rc1 Qxa3 15. h4 f6 16. exf6 Nxf6 17. Ng5 Ne4 18. Bxe4 Rxf4 19. Bxd5 Qc5 20. Qd2 Rxh4 21. Nxe6 Bxe6 22. Rxe6 Kh8 23. Bxc6 bxc6 24. Qd7 Rf8 25. Rc2 Qf5 26. Rce2 Qb1 27. Re1 Qb6 28. R1e3 Rhf4 29. Re7 Bxc3 30. Rxh7+ Kg8 31. Rh6 Bg7 32. Qe6+ R4f7 33. Rxg6 Qb2 34. Rxg7+ Kxg7 35. Rg3+ Kh8 36. Qh6+ 1-0

[Event "TUR-chT Superleague 2018"]
[Site "Ankara"]
[Date "2018.08.02"]
[Round "9"]
[White "Yorgun, Yaren Naz"]
[Black "Erece, Ece Alkim"]
[Result "0-1"]
[ECO "B27"]
[WhiteElo "1725"]
[BlackElo "1788"]
[Annotator "NA"]
[PlyCount "160"]
[EventDate "2018.07.25"]
[EventType "team-tourn"]
[EventCountry "TUR"]
[SourceTitle "playchess.com"]
[Source "ChessBase"]
[SourceQuality "1"]
[TimeControl "40/5400+30:1800+30"]

1. e4 g6 2. d4 c5 3. Nf3 cxd4 4. Qxd4 Nf6 5. Nc3 Nc6 6. Qa4 d6 7. e5 dxe5 8. Nxe5 Bd7 9. Nxd7 Qxd7 10. Be3 Bg7 11. Rd1 Qc7 12. Nb5 Qe5 13. Be2 O-O 14. O-O Qxb2 15. Bf3 Qe5 16. Rfe1 a6 17. Nd4 Qc7 18. Nxc6 bxc6 19. Bf4 Qb6 20. Bxc6 Rac8 21. Bf3 e6 22. c4 Rfd8 23. Rxd8+ Rxd8 24. Be3 Qc7 25. Qxa6 Rc8 26. Be2 Nd7 27. Rc1 Nc5 28. Qb5 Bf8 29. Rb1 Ra8 30. a4 Nxa4 31. Bf3 Ra5 32. Qc6 Qxc6 33. Bxc6 Nc3 34. Rf1 Bc5 35. Bd2 Ne2+ 36. Kh1 Ra2 37. Be3 Bxe3 38. fxe3 Rc2 39. Bb5 Nc3 40. Be8 f5 41. Bd7 Kf7 42. Bc6 Ke7 43. g3 Kd6 44. Bb7 Kc5 45. Bc8 e5 46. Be6 Ne4 47. Kg1 Ng5 48. Bd5 e4 49. Ra1 Nf3+ 50. Kf1 Nxh2+ 51. Ke1 Ng4 52. Ra5+ Kd6 53. Ra6+ Ke7 54. Ra3 Ne5 55. Ra7+ Kf6 56. Rxh7 Nxc4 57. Bxc4 Rxc4 58. Rh4 Kg5 59. Kf1 Rc2 60. Rf4 Rh2 61. g4 Rh4 62. Rf2 Rxg4 63. Ke2 Kf6 64. Rh2 g5 65. Rh6+ Ke5 66. Rh5 Kf6 67. Rh6+ Kg7 68. Re6 Rg2+ 69. Kf1 Rb2 70. Re7+ Kg6 71. Re5 Rb4 72. Kf2 f4 73. exf4 gxf4 74. Ke2 Rb2+ 75. Kf1 e3 76. Ke1 Kf6 77. Re8 Kf5 78. Rg8 f3 79. Rf8+ Kg4 80. Rg8+ Kh5 0-1

[Event "TUR-chT Superleague 2018"]
[Site "Ankara"]
[Date "2018.08.02"]
[Round "9"]
[White "Ozcan, Kaan"]
[Black "Gunduz, Umut Erdem"]
[Result "0-1"]
[ECO "A37"]
[WhiteElo "1523"]
[BlackElo "2174"]
[Annotator "NA"]
[PlyCount "51"]
[EventDate "2018.07.25"]
[EventType "team-tourn"]
[EventCountry "TUR"]
[SourceTitle "playchess.com"]
[Source "ChessBase"]
[SourceQuality "1"]
[TimeControl "40/5400+30:1800+30"]

1. c4 c5 2. Nc3 Nc6 3. g3 g6 4. Bg2 Bg7 5. Nf3 Nh6 6. O-O O-O 7. d3 Nf5 8. Bd2 a6 9. a3 Rb8 10. Rb1 b5 11. cxb5 axb5 12. Ne4 c4 13. dxc4 $15 bxc4 14. Nc3 d5 15. e3 Nd6 16. Qa4 Bd7 17. Nh4 e6 18. Qd1 Rb3 19. Qc2 Qb6 20. Na4 Qa7 21. Nc3 Rfb8 22. Rfd1 Ne5 23. Bf1 g5 24. Ng2 Nf3+ 25. Kh1 Nxd2 26. Qxd2 0-1

[Event "TUR-chT Superleague 2018"]
[Site "Ankara"]
[Date "2018.08.03"]
[Round "10"]
[White "Goganov, Aleksey"]
[Black "Zhigalko, Sergei"]
[Result "1/2-1/2"]
[ECO "E12"]
[WhiteElo "2586"]
[BlackElo "2615"]
[Annotator "ChessBase"]
[PlyCount "52"]
[EventDate "2018.07.25"]
[EventType "team-tourn"]
[EventCountry "TUR"]
[SourceTitle "playchess.com"]
[Source "ChessBase"]
[SourceQuality "1"]
[TimeControl "40/5400+30:1800+30"]

1. d4 Nf6 2. c4 e6 3. Nf3 b6 4. a3 Bb7 5. Nc3 d5 6. Bg5 Be7 7. e3 O-O 8. Qc2 Nbd7 9. cxd5 Nxd5 10. Bxe7 Nxe7 11. Rd1 Rc8 12. Be2 Nd5 13. Nxd5 exd5 14. O-O c5 15. dxc5 bxc5 16. Ne1 Nf6 17. Bf3 Qb6 18. Nd3 Rfd8 19. Rfe1 Ba6 20. Qc3 h6 21. h3 Bb7 22. Qc2 Ba6 23. Qc3 Bb7 24. Qc2 Ba6 25. Qc3 Bb7 26. Qc2 Ba6 1/2-1/2

[Event "TUR-chT Superleague 2018"]
[Site "Ankara"]
[Date "2018.08.03"]
[Round "10"]
[White "Dastan, Muhammed Batuhan"]
[Black "Kilic, Efe Mert"]
[Result "1-0"]
[ECO "C41"]
[WhiteElo "2552"]
[BlackElo "2317"]
[Annotator "ChessBase"]
[PlyCount "101"]
[EventDate "2018.07.25"]
[EventType "team-tourn"]
[EventCountry "TUR"]
[SourceTitle "playchess.com"]
[Source "ChessBase"]
[SourceQuality "1"]
[TimeControl "40/5400+30:1800+30"]

1. e4 d6 2. d4 Nf6 3. Nc3 e5 4. Nf3 exd4 5. Nxd4 Be7 6. Bf4 O-O 7. Qd2 Nc6 8. O-O-O Nxd4 9. Qxd4 Be6 10. f3 a6 11. Kb1 Re8 12. g4 c5 13. Qd2 b5 14. g5 Nd7 15. Bxd6 Bxg5 16. f4 Bh6 17. Qg2 b4 18. Na4 Nb6 19. Nxb6 Qxb6 20. Qf3 Rad8 21. e5 g6 22. Bd3 f5 23. b3 Bf8 24. Bxf8 Kxf8 25. Qh3 Kg8 26. Rhg1 Rd4 27. Qh6 Red8 28. Rxg6+ hxg6 29. Qxg6+ Kf8 30. Rg1 Ke7 31. Qf6+ Kd7 32. Rg7+ Kc8 33. Re7 Rxd3 34. cxd3 c4 35. Qxe6+ Qxe6 36. Rxe6 cxb3 37. Rc6+ Kb7 38. Rd6 bxa2+ 39. Kxa2 Rh8 40. Kb3 a5 41. Rd5 Kc6 42. Rxa5 Rxh2 43. Kxb4 Rf2 44. Rc5+ Kd7 45. Rc4 Ke6 46. Kc5 Ra2 47. Rb4 Rf2 48. Ra4 Rf1 49. Ra6+ Ke7 50. d4 Rxf4 51. d5 1-0

[Event "TUR-chT Superleague 2018"]
[Site "Ankara"]
[Date "2018.08.03"]
[Round "10"]
[White "Sanal, Vahap"]
[Black "Korkmaz, Necmettin"]
[Result "1/2-1/2"]
[ECO "C06"]
[WhiteElo "2518"]
[BlackElo "2056"]
[Annotator "ChessBase"]
[PlyCount "197"]
[EventDate "2018.07.25"]
[EventType "team-tourn"]
[EventCountry "TUR"]
[SourceTitle "playchess.com"]
[Source "ChessBase"]
[SourceQuality "1"]
[TimeControl "40/5400+30:1800+30"]

1. e4 e6 2. d4 d5 3. Nd2 Nf6 4. e5 Nfd7 5. Bd3 c5 6. c3 Nc6 7. Ne2 cxd4 8. cxd4 f6 9. exf6 Nxf6 10. Nf3 Bd6 11. O-O O-O 12. Bf4 Bxf4 13. Nxf4 Ne4 14. Qc1 Ng5 15. Nxg5 Qxg5 16. Ne2 Qf6 17. Qe3 Bd7 18. Bb5 Rae8 19. f4 Nb8 20. Bd3 Rc8 21. Rad1 Nc6 22. Nc3 a6 23. Bb1 b5 24. Qh3 g6 25. Qe3 Ne7 26. Ne2 b4 27. Nc1 Nf5 28. Qd2 a5 29. Bxf5 Qxf5 30. Rf2 Ba4 31. Nb3 Bxb3 32. axb3 Rc6 33. Qe3 Rfc8 34. h3 h5 35. Ra1 Rc2 36. Rxa5 Rxf2 37. Qxf2 Rc1+ 38. Kh2 g5 39. Ra6 Kf7 40. Qe2 Qxf4+ 41. g3 Qf5 42. Qxh5+ Ke7 43. Ra7+ Kd6 44. Ra6+ Kc7 45. Qf7+ Qxf7 46. Ra7+ Kd6 47. Rxf7 Rc2+ 48. Kg1 Rxb2 49. Rb7 Rxb3 50. Kf2 Kc6 51. Rb8 Kd7 52. Rb7+ Kd6 53. h4 gxh4 54. gxh4 Rh3 55. Rxb4 Rxh4 56. Ke3 Rh3+ 57. Kd2 Ke7 58. Rb8 Kf6 59. Rf8+ Kg5 60. Ke2 Rh4 61. Ke3 Rh3+ 62. Ke2 Rh6 63. Ke3 Rf6 64. Rg8+ Kf5 65. Kf3 Rf7 66. Ke3 Kf6 67. Ra8 Rb7 68. Rf8+ Ke7 69. Rh8 Rb3+ 70. Ke2 Kd7 71. Kd2 Kc6 72. Re8 Kb5 73. Rc8 Ra3 74. Rc5+ Kb4 75. Rc6 Rh3 76. Rc8 Kb5 77. Rc7 Kb6 78. Rc8 Rh7 79. Ke3 Rc7 80. Re8 Rc6 81. Re7 Rc3+ 82. Kd2 Rh3 83. Re8 Rh6 84. Rc8 Kb7 85. Rc1 Rh8 86. Ke3 Rc8 87. Rh1 Kc7 88. Kd3 Kd6 89. Rh7 Rg8 90. Ra7 Rg3+ 91. Kd2 Rg5 92. Ke3 Rh5 93. Rg7 Rh4 94. Kd3 Rh6 95. Ke3 e5 96. dxe5+ Kxe5 97. Re7+ Kd6 98. Ra7 Rh4 99. Kd3 1/2-1/2

[Event "TUR-chT Superleague 2018"]
[Site "Ankara"]
[Date "2018.08.03"]
[Round "10"]
[White "Kanmazalp, Ogulcan"]
[Black "Triapishko, Alexandr"]
[Result "0-1"]
[ECO "C47"]
[WhiteElo "2481"]
[BlackElo "2502"]
[Annotator "ChessBase"]
[PlyCount "66"]
[EventDate "2018.07.25"]
[EventType "team-tourn"]
[EventCountry "TUR"]
[SourceTitle "playchess.com"]
[Source "ChessBase"]
[SourceQuality "1"]
[TimeControl "40/5400+30:1800+30"]

1. e4 e5 2. Nf3 Nc6 3. Nc3 Nf6 4. d4 Bb4 5. Nxe5 Qe7 6. Qd3 Nxd4 7. Qxd4 Bc5 8. Qd3 Qxe5 9. f4 Qe7 10. Be2 d6 11. Bd2 O-O 12. O-O-O c6 13. h3 b5 14. Bf3 Be6 15. Be3 Bc4 16. Qd2 b4 17. Na4 Bxe3 18. Qxe3 Bb5 19. b3 Bxa4 20. bxa4 d5 21. Rhe1 Rfe8 22. g4 dxe4 23. g5 b3 24. gxf6 Qa3+ 25. Kd2 Qb4+ 26. c3 Qd6+ 27. Qd4 Qxf4+ 28. Qe3 Qd6+ 29. Qd4 Qh2+ 30. Re2 Qf4+ 31. Ke1 Qxf3 32. axb3 e3 33. Rc2 e2 0-1

[Event "TUR-chT Superleague 2018"]
[Site "Ankara"]
[Date "2018.08.03"]
[Round "10"]
[White "Ivic, Velimir"]
[Black "Erturan, Yakup"]
[Result "1/2-1/2"]
[ECO "B37"]
[WhiteElo "2456"]
[BlackElo "2378"]
[Annotator "ChessBase"]
[PlyCount "111"]
[EventDate "2018.07.25"]
[EventType "team-tourn"]
[EventCountry "TUR"]
[SourceTitle "playchess.com"]
[Source "ChessBase"]
[SourceQuality "1"]
[TimeControl "40/5400+30:1800+30"]

1. e4 c5 2. Nf3 Nc6 3. d4 cxd4 4. Nxd4 g6 5. c4 Bg7 6. Nc2 d6 7. Be2 Nf6 8. Nc3 O-O 9. O-O Be6 10. Bd2 Nd7 11. Rc1 a5 12. Na3 Nc5 13. Nab5 Ne5 14. b3 Ned3 15. Rb1 Ne5 16. Be3 Bd7 17. f4 Bxb5 18. Nxb5 Nc6 19. e5 Na7 20. Nxa7 Rxa7 21. exd6 Qxd6 22. Bf3 Qc7 23. Qe2 Rd8 24. Rbd1 b6 25. Qc2 Rxd1 26. Rxd1 Qc8 27. a3 Rd7 28. b4 Rxd1+ 29. Qxd1 axb4 30. axb4 Qe6 31. Qd2 Ne4 32. Qd8+ Bf8 33. Qd5 Qxd5 34. cxd5 Nc3 35. Bd4 Na2 36. b5 Bg7 37. Bxb6 Nc3 38. Bc5 Nxb5 39. Bxe7 Bf8 40. Bf6 Bg7 41. Bd8 Kf8 42. Kf1 Ke8 43. Bh4 Kd7 44. Ke2 Nd4+ 45. Kd3 Nxf3 46. gxf3 f5 47. Bf2 Bb2 48. Bd4 Bc1 49. Be3 Bb2 50. Kc4 Ba3 51. Bd2 Bd6 52. Kd4 Bc7 53. Ke3 Bb6+ 54. Kd3 Bc7 55. Kc4 Bb8 56. Kd4 1/2-1/2

[Event "TUR-chT Superleague 2018"]
[Site "Ankara"]
[Date "2018.08.03"]
[Round "10"]
[White "Szczepkowska, Karina"]
[Black "Atalik, Ekaterina"]
[Result "1-0"]
[ECO "D94"]
[WhiteElo "2404"]
[BlackElo "2461"]
[Annotator "ChessBase"]
[PlyCount "97"]
[EventDate "2018.07.25"]
[EventType "team-tourn"]
[EventCountry "TUR"]
[SourceTitle "playchess.com"]
[Source "ChessBase"]
[SourceQuality "1"]
[TimeControl "40/5400+30:1800+30"]

1. d4 Nf6 2. c4 g6 3. Nc3 d5 4. Nf3 Bg7 5. e3 O-O 6. Be2 e6 7. O-O Nbd7 8. Qc2 c6 9. e4 dxe4 10. Nxe4 Nxe4 11. Qxe4 c5 12. Rd1 cxd4 13. Nxd4 Nc5 14. Qe3 Qf6 15. b3 b6 16. Bf3 e5 17. Bxa8 exd4 18. Qf3 Qh4 19. Qf4 Qxf4 20. Bxf4 Bf5 21. Bf3 Bc2 22. Rd2 d3 23. Rc1 Re8 24. h4 Bc3 25. Rdxc2 dxc2 26. Rxc2 Re1+ 27. Kh2 Bf6 28. h5 Ne6 29. Rc1 Rxc1 30. Bxc1 Bd4 31. hxg6 hxg6 32. Be3 Bxe3 33. fxe3 a5 34. Kg3 Kg7 35. a3 Nc5 36. b4 axb4 37. axb4 Na6 38. c5 bxc5 39. b5 Nb8 40. Kf4 Kf6 41. Bg4 Ke7 42. Ke5 f5 43. Be2 Nd7+ 44. Kd5 g5 45. Kc6 f4 46. exf4 gxf4 47. Kc7 Nf6 48. b6 Nd5+ 49. Kc6 1-0

[Event "TUR-chT Superleague 2018"]
[Site "Ankara"]
[Date "2018.08.03"]
[Round "10"]
[White "Soysal, Serkan"]
[Black "Karagollu, Ahmet"]
[Result "1-0"]
[ECO "A49"]
[WhiteElo "2402"]
[BlackElo "2127"]
[Annotator "NA"]
[PlyCount "81"]
[EventDate "2018.07.25"]
[EventType "team-tourn"]
[EventCountry "TUR"]
[SourceTitle "playchess.com"]
[Source "ChessBase"]
[SourceQuality "1"]
[TimeControl "40/5400+30:1800+30"]

1. d4 Nf6 2. Nf3 g6 3. g3 Bg7 4. Bg2 O-O 5. O-O d6 6. Nc3 c5 7. dxc5 dxc5 8. Be3 Qa5 9. Nd2 Nbd7 10. h3 Rb8 11. a4 a6 12. Bf4 e5 13. Be3 Qc7 14. Nc4 Rd8 15. Qd6 Qxd6 16. Nxd6 b6 17. Rfd1 Nf8 18. Nc4 Rxd1+ 19. Rxd1 Bf5 20. Rd2 N8d7 21. Nd6 Be6 22. g4 h6 23. Bb7 a5 24. Ncb5 Bf8 25. Bc6 Bxd6 26. Nxd6 Kg7 27. f4 exf4 28. Bxf4 Rh8 29. e4 g5 30. Bg3 Nb8 31. Bb7 h5 32. Nf5+ Kg6 33. e5 hxg4 34. Ne7+ Kg7 35. exf6+ Kxf6 36. Nd5+ Kg6 37. hxg4 Nd7 38. Bc6 Nb8 39. Bb5 Bxg4 40. Be5 Rf8 41. Ne7+ 1-0

[Event "TUR-chT Superleague 2018"]
[Site "Ankara"]
[Date "2018.08.03"]
[Round "10"]
[White "Buksa, Nataliya"]
[Black "Injac, Teodora"]
[Result "1-0"]
[ECO "B92"]
[WhiteElo "2376"]
[BlackElo "2271"]
[Annotator "NA"]
[PlyCount "167"]
[EventDate "2018.07.25"]
[EventType "team-tourn"]
[EventCountry "TUR"]
[SourceTitle "playchess.com"]
[Source "ChessBase"]
[SourceQuality "1"]
[TimeControl "40/5400+30:1800+30"]

1. e4 c5 2. Nf3 d6 3. d4 cxd4 4. Nxd4 Nf6 5. Nc3 a6 6. Be2 e5 7. Nb3 Be7 8. Bg5 Be6 9. Bxf6 Bxf6 10. Qd3 O-O 11. O-O-O {[%emt 0:00:00] B92: Sicilian Najdorf: 6 Be2} (11. Rd1 Be7 12. Nd5 Bxd5 13. Qxd5 Qc7 14. c3 Nd7 15. Nd2 Rad8 16. O-O Bg5 17. Nf3 Nb6 18. Qb3 Bh6 {½-½ (32) Mastrovasilis,D (2580)-Saric,I (2689) Rio Achaea 2018}) 11... Be7 12. g3 b5 13. Kb1 Nd7 14. f4 b4 15. Nd5 Bxd5 16. Qxd5 Nf6 17. Qd3 Qc7 $146 ({Predecessor:} 17... Qb6 18. Nd2 Rfd8 {1-0 (37) Chrzaszcz,M (1986)-Jacek,K (1987) Polanica Zdroj 2008}) 18. f5 Rfd8 19. Bf3 a5 20. g4 a4 21. Nd2 d5 22. exd5 Ra5 23. Nc4 Nxd5 24. Qe4 Rc5 25. Ne3 Nxe3 26. Rxd8+ Bxd8 27. Qxe3 a3 28. Rd1 Be7 29. Be4 h6 30. Qf2 Bf6 31. h4 Rc4 32. Qe2 Bxh4 33. Bd5 Rc5 34. Bb3 Bf6 35. Qe4 axb2 36. Qxb4 Qe7 37. Qa4 Rc7 38. Qa8+ Kh7 39. Qe4 Rd7 40. Rxd7 Qxd7 41. Kxb2 Kg8 42. a4 Bd8 43. Qd5 Qxd5 44. Bxd5 Kf8 45. Kb3 Ke7 46. Kc4 Kd6 47. Bxf7 Bb6 48. Bd5 Bf2 49. Be4 Bg1 50. Kb5 Bf2 51. c3 Bg1 52. a5 Bf2 53. Kc4 Bg1 54. Bb7 Bf2 55. Kd3 Bg1 56. Ke4 Ba7 57. a6 Bb6 58. c4 Ba7 59. Bd5 Bc5 60. f6 gxf6 61. Kf5 Ke7 62. Kg6 Be3 63. Bf3 Bc5 64. Kxh6 Be3+ 65. Kg6 Ba7 66. Kf5 Bb6 67. Bg2 Ba7 68. Bb7 Bd4 69. Bc8 Ba7 70. Be6 Bd4 71. Bd5 Ba7 72. Bg2 Bb6 73. Bc6 Ba7 74. Bb5 Bd4 75. Ba4 Kf7 76. Bd7 Ke7 77. Be6 Kd6 78. c5+ Bxc5 79. Kxf6 Be3 80. g5 $18 e4 81. g6 Bd4+ 82. Kf7 e3 83. Bc4 Kc5 84. Be2 1-0

[Event "TUR-chT Superleague 2018"]
[Site "Ankara"]
[Date "2018.08.03"]
[Round "10"]
[White "Kerigan, Demre"]
[Black "Erdogdu, Mert"]
[Result "1-0"]
[ECO "B25"]
[WhiteElo "2366"]
[BlackElo "2411"]
[Annotator "ChessBase"]
[PlyCount "105"]
[EventDate "2018.07.25"]
[EventType "team-tourn"]
[EventCountry "TUR"]
[SourceTitle "playchess.com"]
[Source "ChessBase"]
[SourceQuality "1"]
[TimeControl "40/5400+30:1800+30"]

1. e4 c5 2. Nc3 d6 3. Nge2 Nf6 4. g3 Nc6 5. Bg2 g6 6. O-O Bg7 7. d3 O-O 8. h3 Nd7 9. f4 Nd4 10. g4 Rb8 11. a4 a6 12. g5 e6 13. Ng3 b5 14. axb5 axb5 15. Nce2 b4 16. Nxd4 cxd4 17. b3 Qc7 18. Bb2 Bb7 19. Qd2 Qc5 20. Qf2 Rbc8 21. Rfc1 Ra8 22. Rxa8 Rxa8 23. Ne2 e5 24. f5 Qc7 25. Ng3 Ra2 26. Rb1 Nc5 27. h4 Qa5 28. Qe1 Bc6 29. h5 Bb5 30. Kh2 Bf8 31. Qf2 Qd8 32. Qd2 Qa5 33. Ne2 Qd8 34. Bf3 h6 35. hxg6 fxg6 36. Qxb4 Be8 37. Qd2 hxg5 38. Ng3 g4 39. Bxg4 Qh4+ 40. Bh3 Bh6 41. Qe2 gxf5 42. Nxf5 Bf4+ 43. Kg2 Qf6 44. Kh1 Kf8 45. Qg4 Bf7 46. b4 Ne6 47. Nxd6 Ng5 48. Nxf7 Nxf7 49. b5 Ng5 50. b6 Nxh3 51. Qxh3 Ke7 52. b7 Qf8 53. b8=Q 1-0

[Event "TUR-chT Superleague 2018"]
[Site "Ankara"]
[Date "2018.08.03"]
[Round "10"]
[White "Mamedjarova, Zeinab"]
[Black "Muzychuk, Mariya"]
[Result "0-1"]
[ECO "D04"]
[WhiteElo "2345"]
[BlackElo "2528"]
[Annotator "ChessBase"]
[PlyCount "82"]
[EventDate "2018.07.25"]
[EventType "team-tourn"]
[EventCountry "TUR"]
[SourceTitle "playchess.com"]
[Source "ChessBase"]
[SourceQuality "1"]
[TimeControl "40/5400+30:1800+30"]

1. d4 d5 2. Nf3 Nf6 3. e3 g6 4. Bd3 Bg7 5. Nbd2 c5 6. c3 O-O 7. O-O Nbd7 8. Re1 b6 9. e4 cxd4 10. e5 dxc3 11. exf6 cxd2 12. fxe7 dxe1=Q+ 13. Qxe1 Qc7 14. e8=Q Rxe8 15. Qxe8+ Nf8 16. Qb5 Bg4 17. Qxd5 Rd8 18. Qb3 Bxf3 19. gxf3 Ne6 20. Be3 Bxb2 21. Qxb2 Rxd3 22. Rc1 Qd7 23. Kg2 Rd5 24. Qf6 Rf5 25. Qc3 Nf4+ 26. Bxf4 Rxf4 27. Qe5 Rf5 28. Qe3 Rh5 29. f4 Ra5 30. a3 Qg4+ 31. Kh1 Qe6 32. Rc3 Qd5+ 33. Kg1 Rc5 34. h3 Kg7 35. Kh2 Qd6 36. Rd3 Qf6 37. Qd2 Rc4 38. Kg3 h5 39. Rf3 Qa1 40. Qd5 Qg1+ 41. Kh4 Kh6 0-1

[Event "TUR-chT Superleague 2018"]
[Site "Ankara"]
[Date "2018.08.03"]
[Round "10"]
[White "Unuk, Laura"]
[Black "Badelka, Olga"]
[Result "0-1"]
[ECO "A62"]
[WhiteElo "2340"]
[BlackElo "2416"]
[Annotator "NA"]
[PlyCount "92"]
[EventDate "2018.07.25"]
[EventType "team-tourn"]
[EventCountry "TUR"]
[SourceTitle "playchess.com"]
[Source "ChessBase"]
[SourceQuality "1"]
[TimeControl "40/5400+30:1800+30"]

1. d4 Nf6 2. c4 e6 3. g3 c5 4. d5 exd5 5. cxd5 d6 6. Nc3 g6 7. Bg2 Bg7 8. Nf3 O-O 9. O-O a6 10. a4 Re8 11. Bf4 h6 12. Re1 Nh5 13. Be3 Nd7 14. Qc1 Kh7 15. g4 Nhf6 16. g5 hxg5 17. Bxg5 Qe7 18. Qf4 Qf8 19. Qh4+ Kg8 20. a5 Nh7 21. Ne4 f6 22. Bc1 g5 23. Nfxg5 fxg5 24. Nxg5 Nxg5 25. Bxg5 Ne5 26. Ra3 Qf5 27. Rg3 Qh7 28. Qa4 Bd7 29. Qb3 Rab8 30. h3 Kh8 31. e4 Nf7 32. Bd2 Rg8 33. Bc3 Bxc3 34. Qxc3+ Ne5 35. Ree3 Rxg3 36. Rxg3 Rf8 37. b4 c4 38. Qd4 Qh6 39. Bf1 Rg8 40. Rxg8+ Kxg8 41. Qc3 Qg7+ 42. Kh1 Nd3 43. Qxc4 Nxf2+ 44. Kh2 Qe5+ 45. Kg2 Nxe4 46. Qd3 Bb5 0-1

[Event "TUR-chT Superleague 2018"]
[Site "Ankara"]
[Date "2018.08.03"]
[Round "10"]
[White "Ozturk, Kubra"]
[Black "Savina, Anastasia"]
[Result "0-1"]
[ECO "B06"]
[WhiteElo "2330"]
[BlackElo "2334"]
[Annotator "ChessBase"]
[PlyCount "114"]
[EventDate "2018.07.25"]
[EventType "team-tourn"]
[EventCountry "TUR"]
[SourceTitle "playchess.com"]
[Source "ChessBase"]
[SourceQuality "1"]
[TimeControl "40/5400+30:1800+30"]

1. d4 d6 2. Nf3 g6 3. e4 Bg7 4. Bc4 Nf6 5. Qe2 d5 6. exd5 Nxd5 7. O-O Nc6 8. Re1 Bg4 9. c3 O-O 10. h3 Bf5 11. Na3 a6 12. Bxd5 Qxd5 13. g4 Bd7 14. Bf4 b5 15. Nc2 Nd8 16. Nb4 Qb7 17. Ne5 Ne6 18. Bd2 Be8 19. d5 Nd8 20. c4 bxc4 21. Qxc4 Bb5 22. Qc5 a5 23. Nc2 Be8 24. Bc3 c6 25. dxc6 Bxc6 26. Nd4 Bd5 27. Qb5 Qxb5 28. Nxb5 Ne6 29. Nd7 Rfd8 30. Nb6 Ra6 31. Nxd5 Rxd5 32. a4 Bxc3 33. bxc3 Rc6 34. Re4 h5 35. Kg2 h4 36. Rae1 Kf8 37. R1e2 g5 38. Nd4 Nxd4 39. Rxd4 Rxd4 40. cxd4 f6 41. Rd2 Ke8 42. d5 Rb6 43. Re2 Rb4 44. Re6 Kd7 45. Ra6 Rxa4 46. Kf3 Ra2 47. Kg2 a4 48. Kf3 a3 49. Kg2 Ra1 50. Kh2 a2 51. Kg2 Kc7 52. Kh2 Kb7 53. Ra3 Kb6 54. Kg2 Kc5 55. Ra5+ Kc4 56. Kh2 Kb3 57. Rb5+ Ka4 0-1